 Dungeon Sprint DCSS version 0.15-a0-1485-g692b94f (webtiles) character file.

208 PolkaDot the Martial Artist (level 5, -8/36 HPs)
             Began as a Vampire Transmuter on June 14, 2014.
             Was a High Priest of Jiyva.
             Mangled by a troll (10 damage)
             ... in the Dungeon (Sprint IX: "|||||||||||||||||||||||||||||").
             The game lasted 00:02:53 (413 turns).

PolkaDot the Martial Artist (Vampire Transmuter)     Turns: 413, Time: 00:02:54

HP  -8/36        AC  9     Str 12      XL: 5   Next: 55%
MP   5/9         EV 12     Int 18      God: Jiyva [*****.]
Gold 0           SH  0     Dex 15      Spells:  0 memorised,  8 levels left

rFire  . . .     SeeInvis +       - Unarmed
rCold  . . .     Clarity  .     c - +0 robe
rNeg   + . .     rCorr    +     (no shield)
rPois  .         rRot     .     n - +0 helmet
rElec  .         Spirit   .     m - +0 cloak
SustAb .         Warding  .     (no gloves)
rMut   .         NoTele   +     (no boots)
Gourm  .                        (no amulet)
MR     .....                    p - +3 ring of intelligence
                                o - +3 ring of strength

@: very slightly contaminated, invisible, not resistant to hostile enchantments,
very unstealthy
A: fangs 3, icy blue scales 1, iridescent scales 1, see invisible, unbreathing
a: Bat Form, Request Jelly, Jelly Paralyse, Slimify, Cure Bad Mutation, Renounce
Religion


You were in the Dungeon.
You worshipped Jiyva.
Jiyva was extremely pleased with you.
You were not thirsty.

You visited 1 branch

Inventory:

Missiles
 a - a throwing net (quivered)
 b - 12 arrows
Armour
 c - a +0 robe (worn)
 m - a +0 cloak (worn)
 n - a +0 helmet (worn)
Magical devices
 l - a wand of fire (7)
Scrolls
 i - 3 scrolls of remove curse
 j - 2 scrolls of blinking
 k - 2 scrolls of amnesia
Jewellery
 o - a +3 ring of strength (left hand)
 p - a +3 ring of intelligence (right hand)
Potions
 f - 2 potions of heal wounds
 g - 4 potions of curing
 h - 4 potions of magic
Books
 d - a book of Changes

   Spells                             Type                      Level
   Beastly Appendage                  Transmutation                1
   Sticks to Snakes                   Transmutation                2
   Spider Form                        Transmutation/Poison         3
   Ice Form                           Ice/Transmutation            4
   Blade Hands                        Transmutation                5


   Skills:
 - Level 0.8 Fighting
 - Level 2.1 Dodging
 * Level 12.6 Unarmed Combat
 - Level 2.0 Spellcasting
   Level 2.1 Transmutations


You had 8 spell levels left.
You didn't know any spells.

Dungeon Overview and Level Annotations

Branches:
Dungeon (1/1)

Altars:
Cheibriados
Dithmenos
Elyvilon
Fedhas
Gozag
Kikubaaqudgha
Makhleb
Nemelex Xobeh
Okawaru
Qazlal
Sif Muna
Trog
Vehumet
Xom
Yredelemnul
Zin
The Shining One
Beogh
Jiyva
Lugonu


Innate Abilities, Weirdness & Mutations

You have razor-sharp teeth.*
You have supernaturally acute eyesight.
You can survive without breathing.*
You are partially covered in icy blue scales (AC +1).*
You are partially covered in iridescent scales (AC +4).*


Message History

The troll bites the brown ooze!
The troll is burned by acid!
The troll claws the brown ooze!
The troll is burned by acid!
The troll claws the brown ooze!
The troll is burned by acid!
The brown ooze dies!
Drink which item? (? for menu, Esc to quit)
You fade into invisibility!
The troll bites you but does no damage. The troll misses you.
The troll barely misses you.
You are very lightly contaminated with residual magic.
You barely miss the troll.
The troll is moderately wounded.
The troll bites you! The troll claws you.
* * * LOW HITPOINT WARNING * * *
The troll claws you but does no damage.
You hit the troll. Your bite misses the troll.
The troll is moderately wounded.
The troll barely misses you. The troll claws you!
* * * LOW HITPOINT WARNING * * *
The troll claws you!
You die...

▓+▓
▓.▓
▓.▓
▓.▓
▓.▓
▓.▓
▓K▓
▓T▓
▓@▓
▓.▓
▓.▓
▓.▓
▓.▓
▓.▓
▓.▓
▓.▓
▓.▓


You could see a troll and a kobold.

Vanquished Creatures
  A hungry ghost (D)
  A crimson imp (D)
  A worker ant (D)
  A gnoll (D)
  A shadow imp (D)
  2 goblins (D)
  A hobgoblin (D)
  A kobold (D)
  A giant newt (D)
  A goblin skeleton (D)
  A kobold zombie (D)
  A rat (D)
13 creatures vanquished.

Vanquished Creatures (others)
  A brown ooze (D)
  A giant frog (D)
  A killer bee (D)
3 creatures vanquished.

Grand Total: 16 creatures vanquished

Notes
Turn   | Place    | Note
--------------------------------------------------------------
     0 | D        | PolkaDot, the Vampire Transmuter, began the quest for the Orb.
     0 | D        | Reached XP level 1. HP: 14/14 MP: 3/3
    10 | D        | Reached skill level 4 in Unarmed Combat
    16 | D        | Reached skill level 5 in Unarmed Combat
    29 | D        | Noticed a worker ant
    29 | D        | Noticed a crimson imp
    39 | D        | Reached skill level 6 in Unarmed Combat
    39 | D        | Reached XP level 2. HP: 4/20 MP: 4/4
    54 | D        | Killed a worker ant
    54 | D        | Reached skill level 8 in Unarmed Combat
    54 | D        | Reached XP level 3. HP: 16/25 MP: 6/6
    57 | D        | Killed a crimson imp
    57 | D        | Reached skill level 9 in Unarmed Combat
    57 | D        | Reached XP level 4. HP: 14/31 MP: 7/7
   338 | D        | Found a glowing silver altar of Zin.
   338 | D        | Found a glowing golden altar of the Shining One.
   338 | D        | Found an ancient bone altar of Kikubaaqudgha.
   338 | D        | Found a basalt altar of Yredelemnul.
   338 | D        | Found a shimmering altar of Xom.
   338 | D        | Found a radiant altar of Vehumet.
   338 | D        | Found an iron altar of Okawaru.
   339 | D        | Found a burning altar of Makhleb.
   340 | D        | Found a deep blue altar of Sif Muna.
   341 | D        | Found a bloodstained altar of Trog.
   342 | D        | Found a sparkling altar of Nemelex Xobeh.
   343 | D        | Found a white marble altar of Elyvilon.
   344 | D        | Found a roughly hewn altar of Beogh.
   345 | D        | Found a viscous altar of Jiyva.
   346 | D        | Found a corrupted altar of Lugonu.
   347 | D        | Found a blossoming altar of Fedhas.
   348 | D        | Found a snail-covered altar of Cheibriados.
   349 | D        | Found a shadowy altar of Dithmenos.
   350 | D        | Found a stormy altar of Qazlal.
   351 | D        | Found an opulent altar of Gozag.
   354 | D        | Became a worshipper of Jiyva Jauck the Shapeless
   375 | D        | Acquired Jiyva's first power
   376 | D        | Acquired Jiyva's second power
   376 | D        | Acquired Jiyva's third power
   376 | D        | Gained mutation: Your spells are a little easier to cast, but a little less powerful. [Jiyva's grace]
   376 | D        | Acquired Jiyva's fourth power
   376 | D        | Gained mutation: You are partially covered in icy blue scales (AC +1). [Jiyva's grace]
   376 | D        | Lost mutation: Your spells are a little easier to cast, but a little less powerful. [Jiyva's grace]
   386 | D        | Gained mutation: You are partially covered in iridescent scales (AC +4). [Jiyva's grace]
   387 | D        | Noticed a troll
   387 | D        | Noticed a giant frog
   387 | D        | Noticed a killer bee
   387 | D        | Noticed a yak
   387 | D        | Noticed a hungry ghost
   401 | D        | Killed a hungry ghost
   401 | D        | Reached skill level 12 in Unarmed Combat
   401 | D        | Reached XP level 5. HP: 24/36 MP: 3/9
   403 | D        | Noticed a brown ooze
   403 | D        | a yak changed into a brown ooze
   406 | D        | Killed a killer bee
   408 | D        | Killed a giant frog
   409 | D        | Killed a brown ooze
   413 | D        | Mangled by a troll

Action                   |  1- 3 |  4- 6 || total
-------------------------+-------+-------++-------
Melee: Unarmed           |    30 |    17 ||    47
Invok: Slimify           |       |     1 ||     1
  Use: Potion            |     5 |     1 ||     6
